 Dungeon Crawl Stone Soup version 0.18-a0-1292-ge8ad84c (webtiles) character file.

26 mrath the Vexing (level 2, 0/19 HPs)
             Began as a Vampire Enchanter on Feb 9, 2016.
             Slain by an adder (2 damage)
             ... on level 2 of the Dungeon.
             The game lasted 00:08:53 (1481 turns).

mrath the Vexing (Vampire Enchanter)                Turns: 1481, Time: 00:08:53

Health: 0/19       AC:  3    Str:  7    XL:     2   Next: 89%
Magic:  2/5        EV: 12    Int: 17    God:
Gold:   84         SH:  0    Dex: 14    Spells: 2 memorised, 3 levels left

rFire  . . .     SeeInvis +     a - +1 dagger
rCold  . . .     Gourm    .     b - +1 robe
rNeg   + . .     Faith    .     (no shield)
rPois  .         Spirit   .     (no helmet)
rElec  .         Dismiss  .     (no cloak)
rCorr  .         Reflect  .     (no gloves)
SustAt .         Harm     .     (no boots)
MR     .....                    (no amulet)
Stlth  +++.......               (no ring)
                                (no ring)

@: not resistant to hostile enchantments, fairly stealthy
A: fangs 3, see invisible, unbreathing
a: no special abilities


You were on level 2 of the Dungeon.
You were not thirsty.

You visited 1 branch of the dungeon, and saw 2 of its levels.

You collected 84 gold pieces.

Inventory:

Hand Weapons
 a - a +1 dagger (weapon)
 n - a +2 vampiric short sword
Missiles
 f - 46 stones (quivered)
 g - 13 sling bullets
 l - 31 poisoned needles
Armour
 b - a +1 robe (worn)
Jewellery
 j - a cursed ring of teleportation {unknown}
 m - an uncursed amulet of magic regeneration {unknown}
Scrolls
 h - a scroll of teleportation {unknown}
 o - a scroll of immolation {unknown}
Potions
 d - 13 potions of blood
 e - a potion of curing {unknown}
 i - a potion of ambrosia {unknown}
 k - a potion of invisibility
Books
 c - a book of Maledictions

   Spells                             Type                      Level
   a - Corona                         Hexes                        1
   b - Ensorcelled Hibernation        Hexes/Ice                    2
   c - Confuse                        Hexes                        3
   d - Tukima's Dance                 Hexes                        3
   e - Dazzling Spray                 Conjuration/Hexes            3


   Skills:
 - Level 1.1 Short Blades
 - Level 2.1 Dodging
 - Level 4.4 Stealth
 * Level 2.8 Spellcasting
 + Level 5.1 Hexes


You had 3 spell levels left.
You knew the following spells:

 Your Spells              Type           Power        Failure   Level  Hunger
a - Corona                Hex            ###....      2%          1    #......
b - Ensorcelled Hibernat  Hex/Ice        ##....       12%         2    ##.....


Dungeon Overview and Level Annotations

Branches:
Dungeon (2/15)

Altars:


Innate Abilities, Weirdness & Mutations

You have razor-sharp teeth.
You have supernaturally acute eyesight.
You can survive without breathing.


Message History

Confirm with . or Enter, or press ? or * to list all spells.
Aiming: Ensorcelled Hibernation
Press: ? - help, Shift-Dir - straight line, f - adder
Aim: an adder (severely wounded, chance to defeat MR: 50%)
The adder looks drowsy...
You hit the giant newt.
You kill the giant newt!
You feel sick.
You are no longer poisoned.
The adder barely misses you.
Casting: Ensorcelled Hibernation
Confirm with . or Enter, or press ? or * to list all spells.
You don't know that spell.
Casting: Ensorcelled Hibernation
Confirm with . or Enter, or press ? or * to list all spells.
Aiming: Corona
Press: ? - help, Shift-Dir - straight line, f/p - adder
Aim: an adder (severely wounded, chance to defeat MR: 66%)
The adder barely resists.
The adder bites you.
You die...

#.#..#####
#....#...# .> ....
#......#.# ......#
#.....[..#+##......#
#..................
#............#...
#.....##.....#.#
#.#..#..†###...# ##
#....).@S......# ..
#..##########..##.#
# #<.#
.......#.....#.#
####.#
.......'........
#....#
.......#.###....
#....#
.......#........
#....#
.......#(.##....
###..# .......#..#
.. #..+ .......#..#


You could see an adder.

Vanquished Creatures
  2 giant cockroaches (D:1)
  4 goblins (D:1)
  4 hobgoblins (D:1)
  A quokka (D:2)
  A bat (D:1)
  5 giant newts
  6 kobolds
  2 rats (D:1)
25 creatures vanquished.

Notes
Turn   | Place    | Note
--------------------------------------------------------------
     0 | D:1      | mrath the Vampire Enchanter began the quest for the Orb.
     0 | D:1      | Reached XP level 1. HP: 13/13 MP: 3/3
   240 | D:1      | Reached XP level 2. HP: 19/19 MP: 5/5
  1248 | D:1      | Learned a level 2 spell: Ensorcelled Hibernation
  1426 | D:2      | Reached skill level 5 in Hexes
  1481 | D:2      | Slain by an adder

Vault maps used:
D:1:      lightli_molten_gateway, hangedman_decor_points,
          minmay_misc_feat_nine_boxes
D:2:      nicolae_overflow_crystal_walls, old_standard_altar, minivault_25

Action                   || total
-------------------------++-------
Melee: Dagger            ||    93
 Cast: Ensorcelled Hiber ||     2
       Corona            ||     1
  Use: Potion            ||     2
 Stab: Sleeping          ||     4
